 Dungeon Crawl Stone Soup version 0.28.0-53-g5a82cb258f (webtiles) character file.

Game seed: 16690070960382076422

8 spiderkeys the Ducker (level 2, -7/18 HPs)
             Began as a Deep Elf Abyssal Knight on June 11, 2022.
             Was a Follower of Lugonu.
             Mangled by a gnoll
             ... wielding a +0 flail
              (11 damage)
             ... on level 1 of the Dungeon.
             The game lasted 00:00:35 (504 turns).

spiderkeys the Ducker (Deep Elf Abyssal Knight)      Turns: 504, Time: 00:00:35

Health: -7/18      AC:  5    Str: 10    XL:     2   Next: 0%
Magic:  5/5        EV: 11    Int: 14    God:    Lugonu [*.....]
Gold:   27         SH:  0    Dex: 15    Spells: 3/3 levels left

rFire   . . .      SeeInvis .   a - +1 spear
rCold   . . .      Faith    .   (no shield)
rNeg    . . .      Spirit   .   c - +0 ring mail
rPois   .          Reflect  .   (no helmet)
rElec   .          Harm     .   (no cloak)
rCorr   .          Rampage  .   (no gloves)
Will    .....                   (no boots)
Stlth   +.........              (no amulet)
HPRegen 0.06/turn               (no ring)
MPRegen 0.09/turn               (no ring)

@: no status effects
A: no striking features
a: Renounce Religion, Depart the Abyss


You were on level 1 of the Dungeon.
You worshipped Lugonu.
Lugonu was aware of your devotion.
You visited 1 branch of the dungeon, and saw 1 of its levels.
You visited the Abyss 1 time.

You collected 27 gold pieces.


   Skills:
 + Level 2.5 Fighting
 - Level 1.3 Polearms
 - Level 0.7 Armour
 + Level 2.7 Dodging
 + Level 1.0 Spellcasting
 + Level 2.2 Invocations


You had 3 spell levels left.
You didn't know any spells.
Your spell library was empty.

Inventory:

Hand Weapons
 a - a +1 spear (weapon)
Missiles
 d - 3 poisoned darts
 e - 15 stones
Armour
 b - a +0 leather armour
 c - a +0 ring mail (worn)
   (You found it on level 1 of the Dungeon)

Dungeon Overview and Level Annotations

Branches:
Dungeon (1/15)

Altars:

..########
#..#.#
#.##...# ..#
##.#.# #....#
..# #...#
#.#..# ###
#...# #.##.#
#...# #. ..#
#...# ## ##
#...#
##########..>#
......g@...###
############


You could see a gnoll.


Message History

You closely miss the rat. The rat barely misses you.
You closely miss the rat. The rat closely misses you.
You hit the rat. The rat misses you.
You hit the rat.
You kill the rat!
Lugonu accepts your kill.
No target in view!
No target in view!
Key pressed, stopping explore.
Key pressed, stopping explore.
A kobold comes into view. It is wielding a +0 club.
The kobold shouts!
A kobold is nearby!
A kobold is nearby!
A kobold is nearby!
You reach to attack!
You closely miss the kobold. You puncture the kobold!
You kill the kobold!
Lugonu accepts your kill.
No target in view!
No target in view!
An endoplasm comes into view.
Things that are here:
a +0 club; a kobold corpse An endoplasm is nearby!
The endoplasm quivers.
You hit the endoplasm. The endoplasm closely misses you.
You hit the endoplasm.
You kill the endoplasm!
Lugonu accepts your kill.
No target in view!
No target in view!
e - 15 stones A hobgoblin comes into view.
The hobgoblin shouts!
A hobgoblin is nearby!
A hobgoblin is nearby!
Found an escape hatch in the floor.
You reach to attack!
You hit the hobgoblin.
You kill the hobgoblin!
Lugonu accepts your kill.
No target in view!
No target in view!
No target in view!
A hobgoblin comes into view.
The hobgoblin shouts!
A hobgoblin is nearby!
A hobgoblin is nearby!
You reach to attack!
You hit the hobgoblin. You hit the hobgoblin. The hobgoblin barely misses you.
You hit the hobgoblin but do no damage.
The hobgoblin hits you but does no damage.
You hit the hobgoblin but do no damage. The hobgoblin hits you. 😕 HP[-1]
You take 1 damage, and now have 12/13 hp.
A hobgoblin is nearby!
You hit the hobgoblin. The hobgoblin barely misses you.
You hit the hobgoblin but do no damage. The hobgoblin hits you. 😮 HP[-3]
You take 3 damage, and now have 9/13 hp.
MASSIVE DAMAGE!! (PAUSE)
You are too injured to fight recklessly!
You are too injured to fight recklessly!
You are too injured to fight recklessly!
You hit the hobgoblin.
You kill the hobgoblin!
Lugonu accepts your kill.
Your Spellcasting skill increases to level 1!
You have reached level 2! 😮 HP[+4] MP[+1]
You now have 18 max hp (+5).
You regained 4 hp, and now have 13/18 hp.
Your mp is fully restored (5).
Key pressed, stopping explore.
You see here a hobgoblin corpse.
Key pressed, stopping explore.
You now have 27 gold pieces (gained 9).
Key pressed, stopping explore.
Found a stone staircase leading down. 😎 HP[+5]
Your hp is fully restored (18).
No target in view!
No target in view!
A gnoll comes into view. It is wielding a +0 flail.
The gnoll shouts!
A gnoll is nearby!
A gnoll is nearby!
You reach to attack!
You completely miss the gnoll. You barely miss the gnoll.
The gnoll hits you with a +0 flail. 😮 HP[-6]
You take 6 damage, and now have 12/18 hp.
MASSIVE DAMAGE!! (PAUSE)
You hit the gnoll but do no damage. The gnoll hits you with a +0 flail!
* * * LOW HITPOINT WARNING * * *
😱 HP[-8]
You take 8 damage, and now have 4/18 hp.
MASSIVE DAMAGE!! (PAUSE)
You hit the gnoll. The gnoll hits you with a +0 flail!
Ouch! That really hurt!
You die...

Skill      XL: |  1 |
---------------+----+-----
Spellcasting   | 1 |  1.0
Fighting       | |  2.5
Polearms       | |  1.3
Armour         | |  0.7
Dodging        | |  2.7
Invocations    | |  2.2

Action                   || total
-------------------------++-------
Melee: Spear             ||    32
Armor: Ring mail         ||     2
       Leather armour    ||     1
Dodge: Dodged            ||    13

Levels and vault maps discovered:
D:1:      dpeg_arrival_oval, layout_basic, minmay_tromino_i4

Notes
Turn   | Place    | Note
-------+----------+-------------------------------------------
     0 | Abyss:1  | spiderkeys the Deep Elf Abyssal Knight began the quest for
                  | the Orb.
     0 | Abyss:1  | Reached XP level 1. HP: 13/13 MP: 4/4
     0 | Abyss:1  | magus.rc [v1.11.3]
    10 | D:1      | You pass through the gate.
    10 | D:1      | Escaped the Abyss
   372 | D:1      | Reached skill level 1 in Spellcasting
   372 | D:1      | Reached XP level 2. HP: 13/18 MP: 5/5
   503 | D:1      | HP: 4/18 [gnoll/+0 flail (8)]
   504 | D:1      | Mangled by a gnoll

Vanquished Creatures
  An endoplasm (D:1)
  2 hobgoblins (D:1)
  2 ball pythons (D:1)
  A bat (D:1)
  A kobold (D:1)
  A rat (D:1)
8 creatures vanquished.

Table legend:
 A = Non-vault XP
 B = Vault XP
 C = Vault XP percentage of total XP
 D = Non-vault monster count
 E = Vault monster count
 F = Vault count percentage of total count
                 A         B        C        D         E       F
            +---------+---------+-------+---------+---------+-------
      Total |      12 |       0 |   0.0 |       8 |       0 |   0.0
            +---------+---------+-------+---------+---------+-------
        D:1 |      12 |       0 |   0.0 |       8 |       0 |   0.0
            +---------+---------+-------+---------+---------+-------

Illustrated notes

Table legend:
 A = Kills in this place as a percentage of kills in entire the game.
 B = Kills by you in this place as a percentage of kills by you in the entire game.
 C = Kills by friends in this place as a percentage of kills by friends in the entire game.
 D = Other kills in this place as a percentage of other kills in the entire game.
 E = Experience gained in this place as a percentage of experience gained in the entire game.
 F = Experience gained in this place divided by the number of levels of this place that you have seen.
                   A       B       C       D       E      F
               +-------+-------+-------+-------+-------+----------------------
         Total | 100.0 | 100.0 |   N/A |   N/A | 100.0 |   6.0
       Dungeon | 100.0 | 100.0 |   N/A |   N/A | 100.0 |  12.0
               +-------+-------+-------+-------+-------+----------------------

Table legend: (Time is in decaauts)
 A = Elapsed time spent in this place.
 B = Non-inter-level travel time spent in this place.
 C = Inter-level travel time spent in this place.
 D = Time resting spent in this place.
 E = Time spent auto-exploring this place.
 F = Levels seen in this place.
 G = Mean time per level.
                   A        B        C        D        E       F      G
               +--------+--------+--------+--------+--------+-----+--------+
         Total |    504 |    504 |      0 |      0 |    425 |   2 |  252.0 |
       Dungeon |    494 |    494 |      0 |      0 |    420 |   1 |  494.0 |
         Abyss |     10 |     10 |      0 |      0 |      5 |   1 |   10.0 |
               +--------+--------+--------+--------+--------+-----+--------+

Top non-repeatable levels by time:
     D:1: 494 daAuts
 Abyss:1: 10 daAuts
